 Dungeon Crawl Stone Soup version 0.31.0-1-g2c135a0 (webtiles) character file.

Game seed: 17392801736289982073

44 Bunnehwyld the Ruffian (level 3, -2/28 HPs)
             Began as a Draconian Shapeshifter on Feb 10, 2024.
             Slain by a scorpion (4 damage)
             ... on level 2 of the Dungeon.
             The game lasted 00:08:25 (1529 turns).

Bunnehwyld the Ruffian (Draconian Shapeshifter)     Turns: 1529, Time: 00:08:25

Health: -2/28      AC:  5    Str: 16    XL:     3   Next: 39%
Magic:  3/3        EV: 12    Int: 12    God:
Gold:   39         SH:  0    Dex: 10    Spells: 2/2 levels left

rFire   . .          .
                       - Unarmed
rCold   . . .        (no shield)
rNeg    . . .        (body armour unavailable)
rPois   .            (helmet currently unavailable)
rElec   .            (cloak currently unavailable)
rCorr   +            (gloves currently unavailable)
SInv    .            (boots currently unavailable)
Will    .....        (no amulet)
Stlth   +            d - ring of resist corrosion
HPRegen 0.24/turn    (no ring)
MPRegen 0.08/turn

%: no passive effects
@: beast-form
A: beast (slay +2), AC +5, unfitting armour, cold-blooded
a: Begin Untransformation


You were on level 2 of the Dungeon.
You were a hulking beast.
You visited 1 branch of the dungeon, and saw 3 of its levels.

You collected 39 gold pieces.

Inventory:

Missiles
 i - 6 poisoned darts (quivered)
Jewellery
 d - a ring of resist corrosion (left hand)
Talismans
 b - a beast talisman
 c - a flux talisman
Scrolls
 f - 2 scrolls of identify
 j - a scroll of blinking {unknown}
 k - a scroll of teleportation
Potions
 a - 2 potions of lignification
 h - a potion of resistance
 l - 2 potions of attraction {unknown}
 m - a potion of mutation {unknown}


   Skills:
 - Level 1.1 Fighting
 - Level 1.7 Dodging
 + Level 3.8 Unarmed Combat
 + Level 3.6 Shapeshifting


You had 2 spell levels left.
You didn't know any spells.
Your spell library contained the following spells:

 Spells                   Type           Power      Damage    Failure   Level
 Cigotuvi's Dreadful Rot  Necr/Alch/Air  0%         N/A       45%         2
 Dispel Undead            Necr           0%         3d6       97%         4
 Martyr's Knell           Necr/Summ      0%         N/A       97%         4
 Death Channel            Necr           0%         N/A       100%        6


Dungeon Overview and Level Annotations

Branches:
Dungeon (3/15)

Altars:


Innate Abilities, Weirdness & Mutations

You are a hulking beast.
Your limbs bulge with bestial killing power. (Slay +2)
Your plain brown scales are hard. (AC +5)
You cannot fit into any form of body armour.
You are cold-blooded and may be slowed by cold attacks.


Message History

You feel sick.
The scorpion stings you but does no damage.
You hit the scorpion but do no damage.
The scorpion is lightly wounded.
You feel sick. The scorpion barely misses you.
You hit the scorpion but do no damage.
The scorpion is lightly wounded.
You feel sick.
The scorpion stings you but does no damage.
You barely miss the scorpion.
The scorpion is lightly wounded.
You feel sick. The scorpion closely misses you.
You completely miss the scorpion.
The scorpion is lightly wounded.
You feel sick. The scorpion barely misses you.
You hit the scorpion but do no damage.
The scorpion is lightly wounded.
You feel sick.
You are no longer poisoned.
The scorpion completely misses you.
You completely miss the scorpion.
The scorpion is lightly wounded.
The scorpion closely misses you.
The scorpion stings you but does no damage.
You closely miss the scorpion.
The scorpion is lightly wounded.
The scorpion stings you.
* * * LOW HITPOINT WARNING * * *
You hit the scorpion but do no damage. You tail-slap the scorpion.
The scorpion is moderately wounded.
The scorpion stings you.
* * * LOW HITPOINT WARNING * * *
You punch the scorpion!
The scorpion is severely wounded.
The scorpion stings you but does no damage.
You hit the scorpion.
You tail-slap the scorpion, but do no damage.
The scorpion is severely wounded.
The scorpion stings you.
You die...

#..##....####≈.§...#
#...#>.######≈§...## ##
#.......##..#§§...# ##.
###...#..#.###....###..
##........# ##.......#
#...Sgo...########..##
##..##S#.#.÷÷....##.###
#...##s#.#..####.......
#..###h#.##....##..####
#.## #.#.#####.##.##
### #.#..# #.##.#
#..#.####.#..#####
###.#..#...........
#........#########.
#.......)# ##
#..>.†...# # #........#


You could see a scorpion, a gnoll, an adder, an orc and a ball python.

Vanquished Creatures
  An adder (D:2)
  A dart slug (D:2)
  A ribbon worm (D:2)
  3 ball pythons (D:2)
  4 endoplasms
  4 goblins
  4 hobgoblins
  3 jackals (D:2)
  2 bats (D:2)
  3 frilled lizards
  3 kobolds
29 creatures vanquished.

Notes
Turn   | Place    | Note
-------+----------+-------------------------------------------
     0 | D:1      | Bunnehwyld the Draconian Shapeshifter began the quest for
                  | the Orb.
     0 | D:1      | Reached XP level 1. HP: 16/16 MP: 1/1
   551 | D:1      | Reached XP level 2. HP: 23/23 MP: 2/2
  1198 | D:2      | Reached XP level 3. HP: 25/28 MP: 3/3
  1465 | D:3      | Noticed a scorpion
  1529 | D:2      | Slain by a scorpion

Illustrated notes

Levels and vault maps discovered:
D:1:      onia_arrival_mini_spirals, layout_loops_corners
D:2:      layout_rooms, minmay_misc_feat_hallway, kennysheep_nub
D:3:      layout_rooms, st_stairs_4

Action                     || total
---------------------------++-------
  Melee: Unarmed           ||    85
         Tailslap          ||     8
         Punch             ||     1
    Use: Scroll            ||     6
         Potion            ||     2
   Stab: Sleeping          ||     2
 Armour: Skin              ||    51
  Dodge: Dodged            ||    65
